[Event "Titled Tuesday Blitz January 31 Late 2023"]
[White "Rostomyan, Mikayel"]
[Black "Haszon, David"]
[WhiteFideId "13313754"]
[BlackFideId "733610"]
[WhiteElo "2222"]
[BlackElo "2264"]
[Result "1-0"]
[Round "04"]
[TimeControl "180+2"]
[Date "2023.01.31"]
[WhiteClock "0:00:46"]
[BlackClock "0:00:15"]

1. d4 Nf6 2. Nf3 e6 3. c4 b6 4. g3 Ba6 5. Qc2 c5 6. Bg2 Bb7 7. d5 exd5 8. Nh4 Nc6 9. cxd5 Nb4 10. Qb3 Bxd5 11. Bxd5 Nbxd5 12. O-O Be7 13. e4 Nb4 14. e5 Ng4 15. Nf5 g6 16. Nxe7 Qxe7 17. Qf3 O-O 18. Qxg4 Nc2 19. Nc3 Nxa1 20. Bg5 Qxe5 21. Rxa1 d5 22. Rd1 d4 23. Bf4 Qg7 24. Nd5 f5 25. Qf3 Rad8 26. Nc7 Qd7 27. Qb3+ Kg7 28. Ne6+ Kf6 29. Bg5+ Ke5 30. Nxd8 Rxd8 31. Re1+ Kd6 32. Bxd8 Qxd8 33. Qe6+ Kc7 34. Qf7+ Qd7 35. Re7 1-0


[Site "https://www.chess.com"]

[Event "Titled Tuesday Blitz January 31 Late 2023"]
[White "Kouskoutis, Georgios-Alexandros"]
[Black "Chan, Luis"]
[WhiteFideId "4234049"]
[BlackFideId "3216357"]
[WhiteElo "2295"]
[BlackElo "2208"]
[Result "1-0"]
[Round "04"]
[TimeControl "180+2"]
[Date "2023.01.31"]
[WhiteClock "0:00:08"]
[BlackClock "0:00:10"]

1. c4 g6 2. g3 Bg7 3. Bg2 Nf6 4. Nc3 O-O 5. e4 d6 6. Nge2 e5 7. O-O Nc6 8. h3 Be6 9. d3 a5 10. Be3 Nd7 11. Kh2 f5 12. exf5 Bxf5 13. d4 exd4 14. Nxd4 Nxd4 15. Bxd4 Ne5 16. Bxb7 Rb8 17. Bd5+ Kh8 18. b3 Qd7 19. Bg2 c5 20. Bxe5 Bxe5 21. Rc1 Qg7 22. Qd2 Rbe8 23. Nd5 Bd4 24. Rce1 Bd7 25. f4 Bf5 26. Rxe8 Rxe8 27. Re1 Qf7 28. Qxa5 Kg7 29. Rxe8 Qxe8 30. Qc7+ Qd7 31. Qxd7+ Bxd7 32. a4 Bc8 33. a5 Kf7 34. Nc7 Bc3 35. a6 Ba5 36. a7 Bxc7 37. a8=Q 1-0


[Site "https://www.chess.com"]

[Event "Titled Tuesday Blitz January 31 Late 2023"]
[White "Urbina Perez, Juan Antonio"]
[Black "Suder, Jakub"]
[WhiteFideId "2217368"]
[BlackFideId "1195310"]
[WhiteElo "2266"]
[BlackElo "2244"]
[Result "0-1"]
[Round "04"]
[TimeControl "180+2"]
[Date "2023.01.31"]
[WhiteClock "0:01:36"]
[BlackClock "0:01:27"]

1. d4 d5 2. Nf3 Nf6 3. c4 e6 4. Nc3 a6 5. cxd5 exd5 6. Bg5 Be6 7. e3 Nbd7 8. Qb3 b5 9. Ne5 Nxe5 10. dxe5 d4 11. Qc2 dxc3 12. exf6 gxf6 13. Bf4 cxb2 14. Qxb2 c6 15. Be2 Qa5+ 16. Kf1 Be7 17. Bh6 Rg8 18. Bf3 Bc4+ 19. Kg1 O-O-O 20. Bxc6 Rd2 21. Qc1 Ba3 22. Qb1 Bd3 23. Qb3 Bc4 24. Qb1 Qc3 25. Qf5+ Be6 0-1


[Site "https://www.chess.com"]

[Event "Titled Tuesday Blitz January 31 Late 2023"]
[White "Kavutskiy, Konstantin"]
[Black "Pein, Jonathan"]
[WhiteFideId "2026384"]
[BlackFideId "417092"]
[WhiteElo "2414"]
[BlackElo "2265"]
[Result "1-0"]
[Round "04"]
[TimeControl "180+2"]
[Date "2023.01.31"]
[WhiteClock "0:00:32"]
[BlackClock "0:00:02"]

1. d4 d6 2. e4 Nf6 3. Nc3 e5 4. Nf3 exd4 5. Nxd4 g6 6. Be2 Bg7 7. Be3 O-O 8. f3 Re8 9. O-O d5 10. Bg5 h6 11. Bh4 g5 12. Bf2 dxe4 13. Nxe4 Nxe4 14. fxe4 Rxe4 15. c3 Re7 16. Nf5 Rd7 17. Qb3 Rd2 18. Nxg7 Kxg7 19. Bd4+ Rxd4 20. Qxf7+ Kh8 21. cxd4 Nc6 22. Bd3 Qxd4+ 23. Kh1 Qxd3 24. Qf8+ Kh7 25. Rf7+ Kg6 26. Rg7+ Kh5 27. Qf7+ Kh4 28. Rg6 h5 29. Qf2+ Kg4 30. h3+ Qxh3+ 31. gxh3+ Kxh3 32. Rg1 Bg4 33. Qh2# 1-0


[Site "https://www.chess.com"]

[Event "Titled Tuesday Blitz January 31 Late 2023"]
[White "Villarreal, Agustin"]
[Black "Hasanagic, Anel"]
[WhiteFideId "125687"]
[BlackFideId "14605791"]
[WhiteElo "2299"]
[BlackElo "2243"]
[Result "0-1"]
[Round "04"]
[TimeControl "180+2"]
[Date "2023.01.31"]
[WhiteClock "0:00:13"]
[BlackClock "0:00:16"]

1. d4 f5 2. Nf3 Nf6 3. g3 g6 4. Bg2 Bg7 5. O-O O-O 6. c4 d6 7. Nc3 c6 8. d5 e5 9. dxe6 Bxe6 10. b3 Na6 11. Bb2 Qe7 12. Re1 Rad8 13. Qc2 Nc5 14. Rad1 Ng4 15. h3 Ne5 16. Nd4 Bf7 17. e4 fxe4 18. Nxe4 Nxe4 19. Qxe4 d5 20. Qe2 Qd6 21. cxd5 cxd5 22. Nb5 Qb6 23. Bxe5 Bxe5 24. Qxe5 Qxb5 25. Qd4 Qa5 26. Qd2 Qxd2 27. Rxd2 Rd7 28. Red1 Rfd8 29. Rd4 Kf8 30. R1d2 Ke7 31. g4 g5 32. Kh2 h6 33. Kg3 Be6 34. f4 gxf4+ 35. Kxf4 b6 36. Re2 Rf8+ 37. Kg3 Kd6 38. Red2 Ke5 39. R4d3 Rc8 40. Re2+ Kd6 41. Rde3 Re7 42. Rd2 Rd7 43. Bf3 b5 44. Red3 Ke5 45. Re3+ Kd6 46. h4 b4 47. Red3 Ke5 48. Re2+ Kd6 49. Red2 Ke5 50. Re3+ Kf6 51. Kf4 Bf7 52. Red3 Rc5 53. Rd4 a5 54. g5+ hxg5+ 55. hxg5+ Kg7 56. Bg4 Re7 57. Bf5 Bg6 58. Bxg6 Kxg6 59. Rxd5 Rf7+ 60. Kg4 Rxd5 61. Rxd5 Rf2 62. Rd6+ Kg7 63. Kh5 Rh2+ 64. Kg4 Rxa2 65. g6 Ra3 66. Kf5 Rxb3 67. Rd7+ Kg8 68. Ra7 Ra3 69. Kg5 Ra1 70. Kf6 Rf1+ 71. Kg5 b3 72. Rxa5 b2 73. Ra8+ Rf8 74. Ra7 b1=Q 75. Kh6 Qh1+ 76. Kg5 Qg1+ 77. Kh6 Qxa7 78. g7 Qxg7+ 0-1


[Site "https://www.chess.com"]

[Event "Titled Tuesday Blitz January 31 Late 2023"]
[White "Bon, Michael"]
[Black "Skvortsov, Andrei"]
[WhiteFideId "620696"]
[BlackFideId "24108600"]
[WhiteElo "2394"]
[BlackElo "2313"]
[Result "1-0"]
[Round "04"]
[TimeControl "180+2"]
[Date "2023.01.31"]
[WhiteClock "0:00:18"]
[BlackClock "0:00:02"]

1. e4 e6 2. d4 d5 3. e5 c5 4. c3 Nc6 5. Nf3 Bd7 6. Bd3 Rc8 7. dxc5 Bxc5 8. O-O Nge7 9. Nbd2 Ng6 10. Nb3 Ncxe5 11. Nxc5 Rxc5 12. Bxg6 Nxf3+ 13. Qxf3 hxg6 14. Be3 Rc8 15. a4 a6 16. a5 Rc4 17. Bd4 f6 18. Rfe1 Kf7 19. b3 Rc8 20. c4 dxc4 21. Qxb7 Qc7 22. Qxc7 Rxc7 23. Rec1 Bb5 24. bxc4 Rxc4 25. Rxc4 Bxc4 26. Rc1 Rc8 27. f3 e5 28. Bb6 Ke6 29. Kf2 Kd5 30. Ke3 Rh8 31. Rd1+ Ke6 32. h3 Bb5 33. Rd2 Rc8 34. Kf2 g5 35. Ke3 Rc3+ 36. Kf2 f5 37. Bd8 Ra3 38. Rc2 e4 39. fxe4 fxe4 40. Bb6 Bd3 41. Rc6+ Kf5 42. Rc5+ Kg6 43. Bd8 Ra2+ 44. Kg3 Bf1 45. Rxg5+ Kf7 46. Rf5+ Ke8 47. Rxf1 Kxd8 48. Rf5 e3 49. Re5 e2 50. Kf2 Kd7 51. Ke1 Kd6 52. Rg5 Ke6 53. Rxg7 Rxa5 54. Kxe2 Ra3 55. Ra7 Kf5 56. Kf2 Kf4 57. g3+ Kg5 58. h4+ Kg4 59. Rg7+ Kh5 60. Rg5+ Kh6 61. g4 Rh3 62. Rh5+ Kg6 63. Kg2 Ra3 64. Rg5+ Kh6 65. Rc5 Kg6 66. Rc6+ Kg7 67. h5 a5 68. g5 Rb3 69. Rc7+ Kg8 70. h6 Rb5 71. Rg7+ Kh8 72. Kg3 Rb4 73. Ra7 a4 74. g6 Rb8 75. Rxa4 Rg8 76. Ra6 Rb8 77. Kg4 Kg8 78. Kg5 Rb5+ 79. Kf6 Rb8 80. Re6 Rf8+ 81. Kg5 Ra8 82. g7 Kh7 83. Rf6 Ra5+ 84. Rf5 Ra1 85. Rf8 Rg1+ 86. Kf4 Rf1+ 87. Ke3 Rf7 88. g8=Q+ 1-0


[Site "https://www.chess.com"]

[Event "Titled Tuesday Blitz January 31 Late 2023"]
[White "Blomqvist, Erik"]
[Black "Dzida, Kamil"]
[WhiteFideId "1709437"]
[BlackFideId "21828652"]
[WhiteElo "2523"]
[BlackElo "2352"]
[Result "1-0"]
[Round "04"]
[TimeControl "180+2"]
[Date "2023.01.31"]
[WhiteClock "0:00:53"]
[BlackClock "0:00:27"]

1. e4 e5 2. Nf3 Nc6 3. Bb5 a6 4. Ba4 Bc5 5. c3 Nge7 6. d4 exd4 7. cxd4 Bb4+ 8. Bd2 Bxd2+ 9. Qxd2 d5 10. exd5 Qxd5 11. Nc3 Qe6+ 12. Qe3 O-O 13. O-O Nb4 14. Bb3 Qf6 15. Rfe1 Nf5 16. Qd2 Nc6 17. Rad1 Na5 18. Bc2 Nc4 19. Qf4 Qd6 20. Ne5 Nh6 21. Ne4 Qd5 22. Nf6+ gxf6 23. Qxh6 f5 24. Rd3 1-0


[Site "https://www.chess.com"]

[Event "Titled Tuesday Blitz January 31 Late 2023"]
[White "Smith, Garrett L"]
[Black "Yurovskykh, Oleksandr"]
[WhiteFideId "2024829"]
[BlackFideId "14134020"]
[WhiteElo "2047"]
[BlackElo "2328"]
[Result "0-1"]
[Round "04"]
[TimeControl "180+2"]
[Date "2023.01.31"]
[WhiteClock "0:01:05"]
[BlackClock "0:01:04"]

1. e4 g6 2. d4 Bg7 3. Nc3 d6 4. Be3 a6 5. g4 h5 6. gxh5 Rxh5 7. Be2 Rh8 8. h4 Nf6 9. h5 gxh5 10. Nh3 Ng4 11. Nf4 Nxe3 12. fxe3 e6 13. Nxh5 Qg5 14. Nxg7+ Qxg7 15. Rxh8+ Qxh8 16. Kd2 Nc6 17. Qh1 Qxh1 18. Rxh1 Ke7 19. Rh7 Bd7 20. Bh5 Rf8 21. Ne2 Nd8 22. Bf3 Bc6 23. c4 Rg8 24. d5 Bd7 25. Nd4 e5 26. Nf5+ Bxf5 27. exf5 Kf6 28. e4 a5 29. Ke3 b6 30. a4 Nb7 31. Bh5 Rf8 32. Rh6+ Kg7 0-1


[Site "https://www.chess.com"]

[Event "Titled Tuesday Blitz January 31 Late 2023"]
[White "Richterova, Natasa"]
[Black "Filgueira, Hernan"]
[WhiteFideId "350591"]
[BlackFideId "101770"]
[WhiteElo "2191"]
[BlackElo "2283"]
[Result "1-0"]
[Round "04"]
[TimeControl "180+2"]
[Date "2023.01.31"]
[WhiteClock "0:00:11"]
[BlackClock "0:00:04"]

1. e4 e6 2. d4 d5 3. Nd2 c5 4. exd5 exd5 5. Ngf3 a6 6. dxc5 Bxc5 7. Be2 Ne7 8. O-O Nbc6 9. Nb3 Ba7 10. c3 O-O 11. Nbd4 Qd6 12. Bg5 Ng6 13. Qd2 Bg4 14. Be3 Rae8 15. Rfe1 Bb8 16. g3 h6 17. b4 Qf6 18. Nxc6 bxc6 19. Nd4 Bc8 20. Bf1 Ne5 21. Bg2 Nc4 22. Qd3 Re7 23. Bd2 Ne5 24. Qf1 g5 25. f4 Nc4 26. Rxe7 Qxe7 27. Bc1 Ba7 28. fxg5 hxg5 29. Kh1 f5 30. Nxc6 Qd7 31. Nxa7 Bb7 32. b5 f4 33. bxa6 f3 34. axb7 fxg2+ 35. Qxg2 Qxb7 36. Bxg5 Qxa7 37. Qxd5+ Qf7 38. Qxf7+ Rxf7 39. Kg2 Rc7 40. a4 Kf7 41. Bf4 Ra7 42. Kf3 Ke6 43. Ke4 Nb2 44. a5 Nc4 45. Kd4 Nxa5 46. Re1+ Kf5 47. h4 Nc6+ 48. Kc5 Ne7 49. Re5+ Kg4 50. Rg5+ Kf3 51. h5 Ke4 52. h6 Nf5 53. Rg6 Ra5+ 54. Kb4 Ra8 55. h7 Rh8 56. Re6+ Kf3 57. Rf6 Kg4 58. Rf7 Rb8+ 59. Kc5 Rc8+ 60. Kb6 Rh8 61. c4 Nd6 62. Bxd6 Rxh7 63. Rxh7 1-0


[Site "https://www.chess.com"]

[Event "Titled Tuesday Blitz January 31 Late 2023"]
[White "Omelja, Artem"]
[Black "Kosakowski, Jakub"]
[WhiteFideId "14119846"]
[BlackFideId "1185080"]
[WhiteElo "2446"]
[BlackElo "2485"]
[Result "0-1"]
[Round "04"]
[TimeControl "180+2"]
[Date "2023.01.31"]
[WhiteClock "0:00:01"]
[BlackClock "0:00:03"]

1. e4 c6 2. Ne2 d5 3. e5 Bf5 4. Ng3 Bg6 5. h4 h5 6. e6 fxe6 7. d4 Qd6 8. f4 Nf6 9. Bd3 Bxd3 10. Qxd3 Nbd7 11. Qg6+ Kd8 12. O-O c5 13. c3 Rc8 14. Nd2 cxd4 15. cxd4 Ng4 16. Nf3 Qb6 17. Nxh5 Ndf6 18. Nxf6 Nxf6 19. Bd2 Ne4 20. Be3 Rh6 21. Qg4 Nd6 22. Rac1 Rxc1 23. Rxc1 Nf5 24. Bf2 Qxb2 25. Re1 Rf6 26. Rxe6 Qb1+ 27. Re1 Qxa2 28. Ng5 g6 29. h5 Qc2 30. hxg6 Ng7 31. Nf7+ Ke8 32. Bh4 Rxg6 33. Nd6+ Rxd6 34. f5 Qxf5 35. Qg3 Rg6 36. Qb8+ Kf7 37. Rf1 e6 38. Rxf5+ Nxf5 39. Qxb7+ Kg8 40. Bf2 Bg7 41. Qxa7 Kh7 42. Kf1 Kh6 43. Ke2 Rxg2 44. Qf7 Bxd4 45. Qxe6+ Kg7 46. Qd7+ Kf6 47. Qc6+ Ke5 48. Qc7+ Ke4 0-1


[Site "https://www.chess.com"]

[Event "Titled Tuesday Blitz January 31 Late 2023"]
[White "Taboas Rodriguez, Daniel"]
[Black "Mikaelyan, Arman"]
[WhiteFideId "2208466"]
[BlackFideId "13304852"]
[WhiteElo "2371"]
[BlackElo "2523"]
[Result "0-1"]
[Round "04"]
[TimeControl "180+2"]
[Date "2023.01.31"]
[WhiteClock "0:00:08"]
[BlackClock "0:01:07"]

1. d4 a6 2. Nf3 b5 3. e4 Bb7 4. Bd3 e6 5. O-O c5 6. d5 c4 7. Be2 Nf6 8. dxe6 dxe6 9. Qxd8+ Kxd8 10. Ne5 Ke8 11. a3 Bc5 12. a4 Nbd7 13. Nxd7 Kxd7 14. e5 Nd5 15. Bf3 Ke7 16. Nc3 b4 17. Nxd5+ Bxd5 18. Bxd5 exd5 19. g3 Ke6 20. Re1 h5 21. Kg2 h4 22. f4 hxg3 23. hxg3 Rh7 24. Bd2 Rah8 25. Rh1 Rxh1 26. Rxh1 Rxh1 27. Kxh1 b3 28. cxb3 cxb3 29. Kg2 d4 30. Kf3 Kd5 31. Bc1 d3 32. Bd2 Ba3 33. Bc1 Kc4 34. Ke3 Bc5+ 35. Ke4 Bd4 36. Kf3 d2 37. Bxd2 Bxb2 0-1


[Site "https://www.chess.com"]

[Event "Titled Tuesday Blitz January 31 Late 2023"]
[White "Good, Daniel"]
[Black "Dourerassou, Jonathan"]
[WhiteFideId "1302388"]
[BlackFideId "628050"]
[WhiteElo "2141"]
[BlackElo "2414"]
[Result "0-1"]
[Round "04"]
[TimeControl "180+2"]
[Date "2023.01.31"]
[WhiteClock "0:00:38"]
[BlackClock "0:02:19"]

1. d4 Nf6 2. c4 g6 3. Nc3 Bg7 4. e4 d6 5. f3 O-O 6. Be3 Nbd7 7. Qd2 a6 8. O-O-O c5 9. d5 b5 10. h4 Qa5 11. Kb1 bxc4 12. Bxc4 Ne5 13. Be2 Rb8 14. g4 Bd7 15. h5 Nxf3 16. Nxf3 Nxe4 17. Nxe4 Rxb2+ 18. Qxb2 Bxb2 19. Kxb2 Qb4+ 20. Ka1 Qxe4 21. Rd3 Bb5 22. hxg6 Bxd3 0-1


[Site "https://www.chess.com"]

[Event "Titled Tuesday Blitz January 31 Late 2023"]
[White "Bjelobrk, Igor"]
[Black "Rocks, Daniel"]
[WhiteFideId "4300726"]
[BlackFideId "2402408"]
[WhiteElo "2403"]
[BlackElo "2008"]
[Result "1-0"]
[Round "04"]
[TimeControl "180+2"]
[Date "2023.01.31"]
[WhiteClock "0:01:38"]
[BlackClock "0:00:10"]

1. d4 Nf6 2. c4 e6 3. Nc3 d5 4. Nf3 Be7 5. g3 O-O 6. Bg2 b6 7. cxd5 exd5 8. O-O Bb7 9. Bf4 a6 10. Rc1 Nbd7 11. Nh4 Re8 12. Nf5 Bf8 13. Qb3 g6 14. Nh6+ Bxh6 15. Bxh6 Nf8 16. Bg5 Kg7 17. e3 c6 18. Bxf6+ Kxf6 19. Na4 Nd7 20. Bh3 b5 21. Bxd7 Qxd7 22. Nb6 Qh3 23. Nxa8 Bxa8 24. Qa3 h5 25. Qd6+ Kg7 26. Qf4 Re4 27. Qf3 h4 28. Qg2 Qe6 29. Rc3 b4 30. Rc5 Bb7 31. Rfc1 Qf5 32. a3 bxa3 33. bxa3 hxg3 34. hxg3 Re8 35. a4 Rh8 36. a5 Qf6 37. R5c3 Bc8 38. Rxc6 Qf5 39. Rxc8 Rxc8 40. Rxc8 Qxc8 41. Qxd5 Qc1+ 42. Kg2 Qd1 43. Qe5+ Kh7 44. Qf6 Qc2 45. Qxf7+ Kh6 46. Qf8+ Kh7 47. Qe7+ Kh6 48. Qh4+ Kg7 49. d5 Qc5 50. Qd4+ 1-0


[Site "https://www.chess.com"]

[Event "Titled Tuesday Blitz January 31 Late 2023"]
[White "Buchenau, Frank"]
[Black "Darini, Pouria"]
[WhiteFideId "4604350"]
[BlackFideId "12502200"]
[WhiteElo "2222"]
[BlackElo "2401"]
[Result "0-1"]
[Round "04"]
[TimeControl "180+2"]
[Date "2023.01.31"]
[WhiteClock "0:00:01"]
[BlackClock "0:00:06"]

1. e4 e5 2. Bc4 Nf6 3. d3 Nc6 4. Nf3 Bc5 5. O-O d6 6. c3 a5 7. Nbd2 O-O 8. h3 Ne7 9. d4 exd4 10. cxd4 Bb6 11. Bd3 Nc6 12. d5 Nb4 13. Bb1 Re8 14. a3 Na6 15. Nc4 Nc5 16. Bg5 h6 17. Bh4 Ncxe4 18. Nxb6 cxb6 19. Nd4 Bd7 20. Re1 g5 21. Bg3 Nxg3 22. fxg3 Rxe1+ 23. Qxe1 Qe8 24. Qf2 Qe5 25. Bf5 Ne4 26. Bxe4 Qxe4 27. Re1 Qxd5 28. Re7 Rd8 29. Qf6 Bc8 30. Kh2 Rf8 31. a4 Qc4 32. Nb5 Qd3 33. Nxd6 Qg6 34. Qe5 Be6 35. Nxb7 h5 36. Nd6 h4 37. Ne4 hxg3+ 38. Kxg3 Rc8 39. Nf6+ Kf8 40. Rb7 Qd3+ 41. Kh2 Qf5 42. Qd6+ Kg7 43. Qd4 Kg6 44. Ne4 Rc4 45. Qd8 Qxe4 46. Qg8+ Kf6 47. Qh8+ Kf5 48. g4+ Kf4 49. Qf6+ Ke3 50. Qf1 Qf4+ 51. Qxf4+ gxf4 52. Rxb6 Rc2+ 0-1


[Site "https://www.chess.com"]

[Event "Titled Tuesday Blitz January 31 Late 2023"]
[White "Forgacs, Attila Jr."]
[Black "Martinez Ramirez, Lennis"]
[WhiteFideId "773654"]
[BlackFideId "3509079"]
[WhiteElo "2264"]
[BlackElo "2426"]
[Result "0-1"]
[Round "04"]
[TimeControl "180+2"]
[Date "2023.01.31"]
[WhiteClock "0:00:31"]
[BlackClock "0:00:22"]

1. e4 c5 2. Nf3 d6 3. d4 cxd4 4. Nxd4 Nf6 5. Nc3 a6 6. f3 e5 7. Nb3 Be6 8. Be3 Be7 9. Qd2 O-O 10. O-O-O Nbd7 11. g4 b5 12. Rg1 b4 13. Nd5 Bxd5 14. exd5 Nb6 15. Na5 Nfxd5 16. Nc6 Qc7 17. Nxe7+ Qxe7 18. Bxb6 Nxb6 19. Qxd6 Qg5+ 20. Qd2 Qf6 21. Qxb4 Rab8 22. Be2 Nd5 23. Qe4 Nf4 24. Rd2 Qb6 25. Rdd1 Qxb2+ 26. Kd2 Rb4 27. Qe3 Rd4+ 28. Ke1 Rxd1+ 29. Bxd1 Rd8 30. Kf2 Nh3+ 31. Kg3 Nxg1 32. Qxg1 Qd4 33. Qxd4 Rxd4 34. Be2 Ra4 35. f4 exf4+ 36. Kf3 Rxa2 37. Kxf4 Rxc2 38. Bxa6 Rxh2 39. Bc4 g6 40. Kg5 Rf2 41. Kh6 Rh2+ 42. Kg5 Kg7 43. Bb3 Rf2 44. Bd5 f6+ 45. Kh4 Rf4 46. Bc6 f5 47. Kh3 Rxg4 48. Bf3 h5 49. Bh1 Kf6 50. Bf3 Kg5 51. Bh1 Kf4 52. Bd5 Ke3 53. Bh1 Kf2 54. Bd5 f4 55. Be6 Rg1 56. Kh2 g5 57. Bg4 Rxg4 58. Kh3 Rh4# 0-1


[Site "https://www.chess.com"]

[Event "Titled Tuesday Blitz January 31 Late 2023"]
[White "Necromon"]
[Black "Alex_Sahakyan2006"]
[WhiteElo "2420"]
[BlackElo "2668"]
[Result "0-1"]
[Round "04"]
[TimeControl "180+2"]
[Date "2023.01.31"]
[WhiteClock "0:00:47"]
[BlackClock "0:00:33"]

1. Nf3 d5 2. c4 e6 3. g3 dxc4 4. Qa4+ Nd7 5. Qxc4 a6 6. Bg2 b5 7. Qc2 Bb7 8. O-O c5 9. a4 Ngf6 10. Rd1 Be7 11. d4 Rc8 12. axb5 axb5 13. dxc5 Bxc5 14. Qb3 Qb6 15. e3 Bd5 16. Qd3 O-O 17. Nc3 Bb3 18. Re1 Bc4 19. Qb1 Bb3 20. Nd4 Bxd4 21. exd4 b4 22. Ne4 Bc2 23. Nxf6+ Nxf6 24. Qa2 Qxd4 25. Be3 Qd3 26. Qa5 b3 27. Ra4 Nd5 28. Bxd5 Qxd5 29. Qxd5 exd5 30. Rg4 Rfe8 31. Ra1 Ra8 32. Rxa8 Rxa8 33. Bd4 Bg6 34. Bc3 h5 35. Rf4 Bd3 36. f3 Bc4 37. Kg2 Re8 38. Rh4 Re2+ 39. Kg1 Re3 40. Kf2 Rxc3 0-1


[Site "https://www.chess.com"]

[Event "Titled Tuesday Blitz January 31 Late 2023"]
[White "Golubka, Petro"]
[Black "Dzierzak, Radoslaw"]
[WhiteFideId "14114224"]
[BlackFideId "1161407"]
[WhiteElo "2371"]
[BlackElo "2220"]
[Result "0-1"]
[Round "04"]
[TimeControl "180+2"]
[Date "2023.01.31"]
[WhiteClock "0:01:33"]
[BlackClock "0:01:06"]

1. e4 c6 2. d4 d5 3. e5 c5 4. Nf3 Bg4 5. dxc5 Nc6 6. Be3 e6 7. Nbd2 Nh6 8. h3 Bxf3 9. Nxf3 Nf5 10. Bg5 f6 11. exf6 gxf6 12. g4 fxg5 13. gxf5 Qf6 14. Qe2 e5 15. O-O-O O-O-O 16. h4 g4 17. Ng5 Qxf5 18. Qe3 h6 19. Bd3 e4 20. Nxe4 dxe4 21. Bxe4 Qxc5 22. Qf4 Bd6 23. Qxg4+ Kb8 24. Rd5 Qxf2 25. Kb1 Qf4 26. Qg2 Rhg8 27. Qe2 Rde8 28. Rf1 0-1


[Site "https://www.chess.com"]

[Event "Titled Tuesday Blitz January 31 Late 2023"]
[White "Oro, Faustino"]
[Black "Backsten, Jan"]
[WhiteFideId "20000197"]
[BlackFideId "1735381"]
[WhiteElo "2269"]
[BlackElo "2029"]
[Result "0-1"]
[Round "04"]
[TimeControl "180+2"]
[Date "2023.01.31"]
[WhiteClock "0:00:19"]
[BlackClock "0:00:07"]

1. e4 c5 2. Nf3 d6 3. d4 cxd4 4. Nxd4 Nf6 5. Nc3 a6 6. f3 e5 7. Nb3 Be6 8. Be3 Be7 9. Nd5 Nxd5 10. exd5 Bf5 11. Bd3 Qd7 12. O-O O-O 13. c4 a5 14. Qc2 Bxd3 15. Qxd3 a4 16. Nd2 f5 17. b3 Na6 18. Rfc1 Rfc8 19. a3 axb3 20. Qxb3 Nc5 21. Bxc5 Rxc5 22. Rab1 Bf6 23. Qxb7 Qxb7 24. Rxb7 Rxa3 25. Nb3 Rc8 26. Rc2 e4 27. Kf2 Ra4 28. c5 dxc5 29. d6 exf3 30. d7 Rd8 31. gxf3 c4 32. Nd2 c3 33. Nb3 Kf7 34. Kg2 Rc4 35. Na5 Rc5 36. Ra7 Rd5 37. Nb3 R8xd7 38. Raa2 Rc7 39. Re2 Rd3 40. Rac2 g5 41. Nc1 Rd1 42. Na2 Rd5 43. Nb4 Rdc5 44. Na6 R5c6 45. Nxc7 Rxc7 46. Re3 Kg6 47. Rd3 Rc6 48. Kf2 h6 49. Ke2 Be5 50. h3 Rc4 51. Rd5 Bf6 52. Kd3 Rh4 53. Ke3 Rxh3 54. Rg2 f4+ 55. Ke4 Rh1 56. Rc5 Re1+ 57. Kd3 Re3+ 58. Kc2 Rxf3 59. Re2 h5 60. Re6 Re3 61. Rb6 Kg7 62. Rc7+ Re7 63. Rcc6 Rf7 64. Kd3 g4 65. Ke4 f3 66. Ra6 f2 67. Ra1 Bg5 68. Rf1 Bd2 69. Rc5 g3 0-1


[Site "https://www.chess.com"]

[Event "Titled Tuesday Blitz January 31 Late 2023"]
[White "Fernandez, Maria Florencia"]
[Black "Koellner, Ruben Gideon"]
[WhiteFideId "116459"]
[BlackFideId "12993093"]
[WhiteElo "2129"]
[BlackElo "2426"]
[Result "0-1"]
[Round "04"]
[TimeControl "180+2"]
[Date "2023.01.31"]
[WhiteClock "0:00:01"]
[BlackClock "0:01:11"]

1. d4 d6 2. c4 e5 3. Nf3 e4 4. Nfd2 f5 5. e3 Nf6 6. Be2 c5 7. d5 Nbd7 8. O-O Ne5 9. Nc3 g6 10. f3 exf3 11. Nxf3 Nxf3+ 12. Bxf3 Bg7 13. e4 O-O 14. Bg5 h6 15. Bd2 g5 16. Qc2 f4 17. Be2 Nd7 18. Bg4 Ne5 19. Bxc8 Qxc8 20. Nb5 Qd7 21. Bc3 a6 22. Na3 Rae8 23. Nb1 Nxc4 24. Bxg7 Ne3 25. Qc3 Qxg7 26. Qxg7+ Kxg7 27. Rf2 Rxe4 28. Nc3 Re5 29. Re1 Rfe8 30. Rfe2 Kf6 31. g3 f3 32. Rf2 g4 33. Rc1 Nxd5 34. Nxd5+ Rxd5 35. Rcf1 Re3 36. Rc2 Rde5 37. Rcf2 Re2 38. h3 h5 39. hxg4 hxg4 40. Rd1 Rxf2 41. Kxf2 Re2+ 42. Kf1 Ke5 43. b3 Rxa2 44. Re1+ Re2 45. Rc1 b6 46. Rc4 Re4 47. Rc3 d5 48. Rc2 Re2 0-1


[Site "https://www.chess.com"]

[Event "Titled Tuesday Blitz January 31 Late 2023"]
[White "Klose, Eli"]
[Black "Grot, Blazej"]
[WhiteFideId "16242955"]
[BlackFideId "21835845"]
[WhiteElo "1519"]
[BlackElo "1990"]
[Result "1-0"]
[Round "04"]
[TimeControl "180+2"]
[Date "2023.01.31"]
[WhiteClock "0:01:49"]
[BlackClock "0:00:41"]

1. e4 e5 2. Nf3 Nc6 3. d4 exd4 4. Bc4 Bc5 5. Ng5 Nh6 6. Nxf7 Nxf7 7. Bxf7+ Kxf7 8. Qh5+ g6 9. Qxc5 d6 10. Qb5 Rf8 11. O-O Kg8 12. Nd2 Ne5 13. Qd5+ Kg7 14. Qxd4 Qf6 15. b3 Nd7 16. Qxf6+ Nxf6 17. Bb2 Re8 18. Rad1 Bd7 19. Rfe1 Bc6 20. f3 Rad8 21. Nc4 Kf7 22. Kf2 Nd7 23. Na5 Ne5 24. Bxe5 Rxe5 25. Nxc6 bxc6 26. Rd4 Ra5 27. Rc4 Rxa2 28. Rxc6 Rd7 29. Re3 Ke7 30. Rec3 Kd8 31. g3 a5 32. R3c4 Rf7 33. Ke3 Ra1 34. f4 Rh1 35. h4 Rg1 36. Kf2 Ra1 37. Ra4 Rxa4 38. bxa4 Kc8 39. Ra6 Kb7 40. Rxa5 c6 41. Rg5 Rf8 42. h5 gxh5 43. Rxh5 Ra8 44. Rxh7+ Kb6 45. Rh6 Rxa4 46. Rxd6 Rxe4 47. Kf3 Rc4 48. Rd2 Kc5 49. g4 Rc3+ 50. Ke4 Rg3 51. g5 Kc4 52. Kf5 c5 53. Kf6 Kc3 54. Rf2 Kd4 55. f5 Ke3 56. Rh2 Rf3 57. g6 Ke4 58. Rh4+ Kd5 59. g7 Rg3 60. Kf7 c4 61. f6 Rxg7+ 62. fxg7 c3 63. g8=Q Ke5 64. Qg5+ Kd6 65. Rd4+ Kc6 66. Qd5+ Kc7 67. Qd6+ Kc8 68. Rc4+ Kb7 69. Rb4+ Ka7 70. Qb6+ Ka8 71. Qb8# 1-0


[Site "https://www.chess.com"]

[Event "Titled Tuesday Blitz January 31 Late 2023"]
[White "Melikhov, Evgeny V."]
[Black "Fiorito, Joaquin"]
[WhiteFideId "4122046"]
[BlackFideId "180173"]
[WhiteElo "2269"]
[BlackElo "2405"]
[Result "1/2-1/2"]
[Round "04"]
[TimeControl "180+2"]
[Date "2023.01.31"]
[WhiteClock "0:00:03"]
[BlackClock "0:01:41"]

1. d4 Nf6 2. c4 e6 3. Nc3 Bb4 4. Qc2 d5 5. cxd5 exd5 6. Bg5 c6 7. e3 h6 8. Bh4 Nbd7 9. Bd3 O-O 10. Ne2 c5 11. dxc5 Nxc5 12. O-O Be6 13. Nb5 a6 14. Nbd4 Rc8 15. Qd1 Nxd3 16. Qxd3 Bd6 17. Bg3 Be7 18. Rac1 Qa5 19. a3 Ne4 20. Nxe6 fxe6 21. Nf4 Nxg3 22. hxg3 Qb6 23. Rxc8 Rxc8 24. Qg6 Bf6 25. b4 Qd6 26. Rd1 Rf8 27. Qc2 Rd8 28. Rc1 e5 29. Nd3 d4 30. e4 Kh7 31. Qc4 Qe7 32. Rc2 Qd7 33. Qc5 Qg4 34. f3 Qxg3 35. Qc7 Qg5 36. Qf7 Qe3+ 37. Nf2 d3 38. Rc7 d2 39. Qxf6 d1=Q+ 40. Kh2 Qf4+ 41. Qxf4 exf4 42. Nxd1 Rxd1 43. Rxb7 Ra1 44. b5 a5 45. Ra7 Rxa3 46. b6 Rb3 47. Rxa5 Rxb6 48. Rf5 g5 49. Kh3 Kg6 50. Rc5 Kh5 51. g4+ Kg6 52. Ra5 h5 53. gxh5+ Kxh5 54. Ra8 Rb3 55. Rh8+ Kg6 56. Kg4 Rb2 57. Rg8+ Kh6 58. Rh8+ Kg6 59. Rg8+ Kf6 60. Rf8+ Ke7 61. Rf5 Rg2+ 62. Kh5 Rg3 63. Kg6 Ke6 64. Rxg5 Rxf3 65. Rf5 Rg3+ 66. Kh5 f3 67. Kh4 Rg1 68. Rxf3 Ke5 69. Rg3 Rh1+ 70. Kg4 Kxe4 71. Rg2 Rh8 72. Re2+ Kd3 73. Re6 Rg8+ 74. Kf5 Kd4 75. Rd6+ Kc5 76. Rf6 Kd5 77. Kf4 Rg1 78. Rf5+ Ke6 79. Ra5 Rf1+ 80. Ke3 Rf8 81. Kd3 Rd8+ 82. Ke3 Rc8 83. Kd3 Rb8 84. Ke3 Kd6 85. Kd3 Kc6 86. Ke3 Rb3+ 87. Ke4 Kb6 88. Rh5 Rb4+ 89. Ke3 Kc6 90. Kd3 Kd6 91. Ke3 Rb8 92. Kd3 Re8 93. Kc3 Re5 94. Rxe5 Kxe5 1/2-1/2


[Site "https://www.chess.com"]